 Dungeon Crawl Stone Soup version 0.29.1-15-g9cfb28693d (webtiles) character file.

Game seed: 6694083411281417311

1584 croobank the Demonic Child (level 8, -4/53 HPs)
             Began as a Demonspawn Fire Elementalist on Apr 13, 2023.
             Was a Follower of Hepliaklqana.
             Slain by a wraith (12 damage)
             ... on level 6 of the Dungeon.
             The game lasted 00:15:07 (6031 turns).

croobank the Demonic Child (DsFE)                   Turns: 6031, Time: 00:15:08

Health: -4/53      AC:  4    Str:  8    XL:     8   Next: 61%
Magic:  23/23      EV: 14    Int: 18    God:    Hepliaklqana [*.....]
Gold:   160        SH:  4    Dex: 21    Spells: 12/15 levels left

rFire   . . .      SeeInvis .   a - +0 dagger (protect)
rCold   + . .      Faith    .   (no shield)
rNeg    . . .      Spirit   .   d - +1 robe {rC+}
rPois   .          Reflect  .   (helmet restricted)
rElec   .          Harm     .   (no cloak)
rCorr   +          Rampage  .   (no gloves)
Will    .....                   y - +0 pair of boots
Stlth   ++++++....              (no amulet)
HPRegen 0.17/turn               e - ring of magical power
MPRegen 0.18/turn               C - ring of resist corrosion

@: slowed, very slow
A: reduced essence, antennae 1, thin skeletal structure 3, powered by death 1,
condensation shield
a: Renounce Religion, Recall Ancestor, Ancestor Identity


You were on level 6 of the Dungeon.
You worshipped Hepliaklqana.
Hepliaklqana was aware of your devotion.
You visited 1 branch of the dungeon, and saw 6 of its levels.

You collected 316 gold pieces.
You spent 156 gold pieces at shops.

Inventory:

Hand Weapons
 a - a +0 dagger of protection (weapon)
 z - a +0 broad axe
Armour
 d - a +1 robe of cold resistance (worn)
 n - a +0 ring mail
 v - a +0 leather armour
 y - a +0 pair of boots (worn)
Jewellery
 e - a ring of magical power (left hand)
 h - a ring of ice
 A - a ring of flight
 C - a ring of resist corrosion (right hand)
Wands
 j - a wand of roots (11)
Scrolls
 b - a scroll of summoning {unknown}
 c - 2 scrolls of silence {unknown}
 g - 4 scrolls of poison
 i - 2 scrolls of teleportation {unknown}
 k - a scroll of fog {unknown}
 t - a scroll of enchant weapon {unknown}
 x - a scroll of amnesia {unknown}
Potions
 f - 3 potions of mutation
 l - 3 potions of curing
 m - 2 potions of ambrosia
 o - 2 potions of flight
 q - a potion of cancellation
 r - a potion of magic
 s - 3 potions of brilliance


   Skills:
 + Level 3.6 Fighting
 + Level 4.0 Dodging
 + Level 4.2 Stealth
 + Level 4.1 Spellcasting
 + Level 3.9 Conjurations
 + Level 4.5 Fire Magic
 * Level 6.1 Invocations


You had 12 spell levels left.
You knew the following spells:

 Your Spells              Type           Power      Damage    Failure   Level
a - Foxfire               Conj/Fire      72%        2x1d7     2%          1
b - Scorch                Fire           38%        2d6       3%          2

Your spell library contained the following spells:

 Spells                   Type           Power      Damage    Failure   Level
 Shock                    Conj/Air       40%        1d5       6%          1
 Conjure Flame            Conj/Fire      18%        6-21      8%          3
 Inner Flame              Hex/Fire       11%        N/A       17%         3
 Flame Wave               Conj/Fire      18%        2d7       26%         4
 Gell's Gravitas          Tloc           3%         N/A       41%         3
 Lesser Beckoning         Tloc           3%         N/A       41%         3
 Swiftness                Air            3%         N/A       41%         3
 Teleport Other           Tloc           3%         N/A       41%         3
 Airstrike                Air            1%         2d(1-17)  82%         4


Dungeon Overview and Level Annotations

Branches:
Dungeon (6/15)             Temple (0/1) D:5

Altars:
Dithmenos
Fedhas
Hepliaklqana
Kikubaaqudgha
Makhleb
Sif Muna
Wu Jian
Yredelemnul

Shops:
D:1 ?


Innate Abilities, Weirdness & Mutations

Your life essence is reduced to manifest your ancestor. (-10% HP)
You have a pair of small antennae on your head.
You have an unnaturally thin skeletal structure. (Dex +6, Stealth+++)
You regenerate a little health from kills.
A meltable shield of frost defends you. (SH +4)


Message History

The wraith drains your vigour!
You feel as though you will be slow longer.
You hit the wraith.
The wraith is moderately damaged.
The wraith hits you. The wraith drains your vigour!
You feel as though you will be slow longer.
The wraith misses you.
Your magical contamination has completely faded away.
You closely miss the wraith.
The wraith is moderately damaged.
The wraith hits you but does no damage.
You hit the wraith.
The wraith is heavily damaged.
The ogre is no longer more vulnerable to fire.
The wraith closely misses you. The wraith hits you.
The wraith drains your vigour!
You feel as though you will be slow longer.
Casting: Scorch (safe; 3% risk of failure)
Confirm with . or Enter, or press ? or * to list all spells.
You conjure some foxfire!
The wraith barely misses you. The wraith attacks as you move away!
The wraith hits you! The wraith drains your vigour!
You feel as though you will be slow longer.
The foxfire hits the wraith but does no damage.
The wraith is heavily damaged.
The foxfire hits the wraith but does no damage.
The wraith is heavily damaged.
The wraith misses you. Magic courses through your body. The wraith hits you!
* * * LOW HITPOINT WARNING * * *
The wraith drains your vigour!
You feel as though you will be slow longer.
You block the ogre's attack.
Okay, then.
The wraith hits you.
* * * LOW HITPOINT WARNING * * *
The wraith drains your vigour!
You feel as though you will be slow longer.
The wraith hits you!
You die...

.## ... ..# ######
..# #####....# ..#
## #........# ..#
#..#.#.#†...#
..#####.. ..#..†.#
<.....###########O##
......#......#..@W.#
.######......#.....#
......#..##..#).#..#
.####.#..##..#.....#
.# #R#......'.....#
## #........#######
#.######## #.# #.#


You could see a wraith and an ogre.

Vanquished Creatures
  Pikel (D:4)
  Prince Ribbit (D:5)
  A water moccasin (D:5)
  A phantom (D:5)
  A bullfrog (D:6)
  A scorpion (D:5)
  A wight (D:6)
  A howler monkey (D:5)
  A jelly (D:6)
  2 hounds
  An orc priest (D:5)
  2 iguanas (D:5)
  2 orc wizards (D:5)
  2 hound zombies (D:4)
  A howler monkey zombie (D:4)
  4 adders
  4 ufetubi
  An adder zombie (D:4)
  3 worms (D:3)
  3 dart slugs
  6 orcs (D:5)
  8 ball pythons
  9 endoplasms
  4 giant cockroaches
  6 hobgoblins
  5 quokkas
  3 bats
  9 goblins
  8 kobolds
  6 rats
98 creatures vanquished.

Vanquished Creatures (collateral kills)
  An ice beast (D:6)
  A scorpion (D:6)
  A foxfire (D:5)
3 creatures vanquished.

Vanquished Creatures (others)
  2 ancestors
  275 foxfires
277 creatures vanquished.

Grand Total: 378 creatures vanquished

Notes
Turn   | Place    | Note
-------+----------+-------------------------------------------
     0 | D:1      | croobank the Demonspawn Fire Elementalist began the quest
                  | for the Orb.
     0 | D:1      | Reached XP level 1. HP: 13/13 MP: 3/3
   113 | D:1      | Found Fupu's Magic Scroll Emporium.
   167 | D:1      | Gained mutation: You have a somewhat thin skeletal
                  | structure. (Dex +2, Stealth+) [demonic ancestry]
   167 | D:1      | Reached XP level 2. HP: 12/19 MP: 3/5
   685 | D:1      | Learned a level 2 spell: Scorch
  1324 | D:2      | Gained mutation: A meltable shield of frost defends you.
                  | (SH +4) [demonic ancestry]
  1324 | D:2      | Reached XP level 3. HP: 24/24 MP: 6/6
  2246 | D:1      | Bought a scroll of identify for 26 gold pieces
  2246 | D:1      | Bought 2 scrolls of identify for 52 gold pieces
  2342 | D:3      | Found a faded altar of an unknown god.
  2446 | D:3      | Gained mutation: You have a moderately thin skeletal
                  | structure. (Dex +4, Stealth++) [demonic ancestry]
  2446 | D:3      | Reached XP level 4. HP: 31/31 MP: 7/7
  3384 | D:4      | Reached skill level 1 in Fighting
  3451 | D:4      | Gained mutation: You have a pair of small antennae on your
                  | head. [demonic ancestry]
  3451 | D:4      | Reached XP level 5. HP: 37/37 MP: 9/9
  3747 | D:4      | Found an ornate altar of the Wu Jian Council.
  3757 | D:4      | Found a hazy altar of Hepliaklqana.
  3758 | D:4      | Found an ancient bone altar of Kikubaaqudgha.
  3760 | D:4      | Found a burning altar of Makhleb.
  3761 | D:4      | Found a blossoming altar of Fedhas.
  3762 | D:4      | Became a worshipper of Hepliaklqana the Forgotten
  3768 | D:4      | Found a shadowy altar of Dithmenos.
  3955 | D:4      | Found a basalt altar of Yredelemnul.
  3968 | D:4      | Reached skill level 1 in Invocations
  4127 | D:5      | Entered Level 5 of the Dungeon
  4127 | D:5      | Found a shimmering blue altar of Sif Muna.
  4260 | D:1      | Bought a scroll of identify for 26 gold pieces
  4260 | D:1      | Bought 2 scrolls of identify for 52 gold pieces
  4367 | D:5      | Noticed a water moccasin
  4374 | D:5      | Killed a water moccasin
  4375 | D:5      | Reached skill level 2 in Invocations
  4375 | D:5      | Reached XP level 6. HP: 43/44 MP: 8/10
  4591 | D:5      | Reached skill level 3 in Invocations
  4591 | D:5      | Gained mutation: You have an unnaturally thin skeletal
                  | structure. (Dex +6, Stealth+++) [demonic ancestry]
  4591 | D:5      | Reached XP level 7. HP: 39/50 MP: 4/11
  4807 | D:5      | Noticed Prince Ribbit
  4824 | D:5      | Killed Prince Ribbit
  4825 | D:5      | Reached skill level 4 in Invocations
  4907 | D:5      | Reached * piety under Hepliaklqana
  5109 | D:5      | Noticed Pikel
  5135 | D:5      | HP: 2/45 [Pikel/+0 whip of electrocution (19)]
  5443 | D:4      | Killed Pikel
  5444 | D:4      | Reached skill level 5 in Invocations
  5444 | D:4      | Gained mutation: You regenerate a little health from kills.
                  | [demonic ancestry]
  5444 | D:4      | Reached XP level 8. HP: 8/52 MP: 12/13
  5720 | D:5      | Found a staircase to the Ecumenical Temple.
  6008 | D:6      | Reached skill level 6 in Invocations
  6031 | D:6      | Slain by a wraith

Illustrated notes

Levels and vault maps discovered:
D:1:      saegor_arrival_simple_a, layout_rooms, serial_shops, shop,
          minmay_unequal
D:2:      layout_rooms
D:3:      layout_basic, nicolae_ecumenical_lake_church
D:4:      layout_rooms, nicolae_overflow_hallway_of_the_gods,
          nicolae_yredelemnul_corpse_copse, nicolae_elevator_lobby_plus
D:5:      layout_cave_pools, overflow_temple_1_default,
          minmay_temple_entry_hall, hangedman_abyss_or_decor_stabs, uniq_pikel,
          uniq_prince_ribbit1
D:6:      minmay_clustersquares, layout_basic, overflow_temple_1_default

Skill      XL: |  1  2  3  4  5  6  7  8 |
---------------+-------------------------+-----
Stealth        | 2 3 4 |  4.2
Dodging        | 2 3 4 |  4.0
Fire Magic     | 3 4 |  4.5
Conjurations   | 2 3 |  3.9
Fighting       | 1 2 3 |  3.6
Invocations    | 2 3 5 6 |  6.1
Spellcasting   | 3 4 |  4.1

Action                   |  1- 3 |  4- 6 |  7- 9 || total
-------------------------+-------+-------+-------++-------
Melee: Unarmed           |    31 |       |       ||    31
       Dagger            |     5 |    16 |    22 ||    43
       Punch             |       |       |     1 ||     1
 Cast: Foxfire           |    71 |    40 |    51 ||   162
       Scorch            |    11 |    48 |    25 ||    84
Invok: Ancestor Identity |       |       |     1 ||     1
  Use: Potion            |     1 |       |     3 ||     4
       Scroll            |     5 |     2 |     3 ||    10
Armor: Robe              |     7 |    16 |     5 ||    28
Dodge: Dodged            |    29 |    29 |    16 ||    74
Block: Other             |       |     8 |    10 ||    18
